 Dungeon Crawl Stone Soup version 0.28.0-43-g3370ac3207 (webtiles) character file.

Game seed: 9689959999474820543

158 issech the Cudgeller (level 5, 0/52 HPs)
             Began as a Troll Monk on Mar 30, 2022.
             Slain by a goblin
             ... wielding a +0 club
             ... led by Robin
              (2 damage)
             ... on level 3 of the Dungeon.
             The game lasted 00:06:38 (2076 turns).

issech the Cudgeller (Troll Monk)                   Turns: 2076, Time: 00:06:39

Health: 0/52       AC:  4    Str: 19    XL:     5   Next: 16%
Magic:  4/4        EV: 10    Int:  6    God:
Gold:   171        SH:  0    Dex: 14    Spells: 4/4 levels left

rFire   . . .      SeeInvis .   k - +0 morningstar
rCold   . . .      Faith    .   f - orb {guile}
rNeg    + . .      Spirit   .   b - +0 robe
rPois   .          Reflect  .   (helmet restricted)
rElec   .          Harm     .   (no cloak)
rCorr   .          Rampage  .   (gloves unavailable)
Will    .....                   (boots unavailable)
Stlth   ++........              (no amulet)
HPRegen 0.97/turn               g - ring of wizardry
MPRegen 0.09/turn               r - ring of positive energy

@: no status effects
A: large, unfitting armour, claws 3, regeneration 1, shaggy fur 1, tough skin 1
a: no special abilities


You were on level 3 of the Dungeon.
You visited 1 branch of the dungeon, and saw 3 of its levels.

You collected 171 gold pieces.

Inventory:

Hand Weapons
 a - a +0 mace
 k - a +0 morningstar (weapon)
Missiles
 e - 75 stones
 h - 6 sling bullets
 j - 17 bolts
 n - a large rock (quivered)
Armour
 b - a +0 robe (worn)
 f - an orb of guile (worn)
Magical Staves
 s - a staff of earth
Jewellery
 g - a ring of wizardry (left claw)
 o - a ring of wizardry
 r - a ring of positive energy (right claw)
Wands
 m - a wand of paralysis (8)
Scrolls
 i - a scroll of enchant weapon {unknown}
 p - a scroll of teleportation {unknown}
Potions
 c - 2 potions of heal wounds {unknown}
 d - a potion of berserk rage {unknown}
 l - a potion of attraction {unknown}
 q - a potion of might {unknown}


   Skills:
 + Level 2.9 Fighting
 + Level 4.3 Maces & Flails
 + Level 0.3 Throwing
 + Level 3.0 Dodging
 + Level 1.3 Stealth


You had 4 spell levels left.
You didn't know any spells.
Your spell library was empty.

Dungeon Overview and Level Annotations

Branches:
Dungeon (3/15)

Altars:

Annotations:
D:3 Robin


Innate Abilities, Weirdness & Mutations

You are too large for most types of armour.
You have claws for hands.
Your natural rate of healing is unusually fast.
You are covered in fur. (AC +1)
You have tough skin. (AC +1)


Message History

The goblin hits you with a +0 club. The kobold hits you but does no damage.
The goblin hits you but does no damage. The goblin hits you with a +0 club.
The goblin hits you but does no damage. The kobold hits you but does no damage.
You closely miss the goblin. The goblin hits you with a +0 club.
The goblin hits you but does no damage. The goblin hits you with a +0 club.
The kobold hits you but does no damage. The goblin closely misses you.
You sock the goblin!
You kill the goblin!
The goblin hits you with a +0 club. x2; The hobgoblin hits you.
The kobold hits you but does no damage.
You hit the goblin.
You kill the goblin!
The goblin hits you with a +0 club.
* * * LOW HITPOINT WARNING * * *
The goblin hits you with a +0 club.
* * * LOW HITPOINT WARNING * * *
The hobgoblin barely misses you. The kobold hits you but does no damage.
The hobgoblin barely misses you. The goblin hits you but does no damage.
The goblin hits you with a +0 club.
* * * LOW HITPOINT WARNING * * *
The hobgoblin no longer looks unusually strong.
Robin throws the goblin at you!
The hobgoblin hits you but does no damage.
The goblin hits you with a +0 dagger.
* * * LOW HITPOINT WARNING * * *
The goblin hits you with a +0 club.
* * * LOW HITPOINT WARNING * * *
There is an open door, spattered with blood here.
Items here: )) ††.
You thump the goblin!
You kill the goblin!
The goblin no longer looks unusually strong.
The hobgoblin barely misses you.
Robin laughs in a distinctly smug fashion.
Robin throws the goblin at you! The hobgoblin hits you.
* * * LOW HITPOINT WARNING * * *
The goblin hits you with a +0 club.
* * * LOW HITPOINT WARNING * * *
The goblin hits you with a +0 club.
You die...

#....)..........#.........
#...†......##..........g..
#..........##............<
#.###..........##......###$...
#.........###.###..†.g....w.#.
#.........###.# #......######
#.............# #g.g.......
#............####gw.........
..........<..'.g@gKg..######
##...........####go...#
#...........#####+####
#..................
#...........#####.#
#........###.....
#........###.#### ###
########.....##.......# #.#
#.....##.......# #.#


You could see Robin, a dart slug, an orc, 4 hobgoblins, 3 goblins and a kobold.

Vanquished Creatures
  An ice beast (D:3)
  2 adders
  A worm (D:2)
  3 orcs (D:2)
  A ball python (D:2)
  3 endoplasms
  3 giant cockroaches
  7 goblins
  5 hobgoblins (D:2)
  3 kobolds
  2 quokkas
  3 bats
  4 frilled lizards
  2 rats (D:3)
40 creatures vanquished.

Notes
Turn   | Place    | Note
-------+----------+-------------------------------------------
     0 | D:1      | issech the Troll Monk began the quest for the Orb.
     0 | D:1      | Reached XP level 1. HP: 22/22 MP: 0/0
    82 | D:1      | Found a faded altar of an unknown god.
   742 | D:1      | Reached XP level 2. HP: 25/29 MP: 1/1
  1263 | D:2      | Reached skill level 3 in Maces & Flails
  1488 | D:2      | Identified the +3 leather armour "Buquplepn" {Rampage rPois
                  | Stlth+}
  1553 | D:2      | Reached XP level 3. HP: 36/36 MP: 2/2
  1756 | D:3      | Noticed an ice beast
  1860 | D:3      | Killed an ice beast
  1861 | D:3      | Reached skill level 4 in Maces & Flails
  1861 | D:3      | Reached XP level 4. HP: 23/44 MP: 3/3
  1861 | D:3      | Reached XP level 5. HP: 28/52 MP: 4/4
  2061 | D:3      | Noticed Robin
  2076 | D:3      | HP: 2/52 [goblin/+0 club[Robin] (1)]
  2076 | D:3      | Slain by a goblin

Illustrated notes

Levels and vault maps discovered:
D:1:      psy_arrival_radial02, layout_basic, nicolae_ecumenical_lake_church
D:2:      layout_rooms, minivault_24, guppyfry_early_orc_mine
D:3:      layout_basic, lemuel_zombie_altar_kikubaaqudgha, uniq_robin

Skill      XL: |  1  2  3 |
---------------+----------+-----
Maces & Flails | 3 4 |  4.3
Dodging        | 3 |  3.0
Fighting       | |  2.9
Throwing       | |  0.3
Stealth        | |  1.3

Action                   |  1- 3 |  4- 6 || total
-------------------------+-------+-------++-------
Melee: Mace              |    24 |       ||    24
       Morningstar       |    76 |    26 ||   102
Throw: Stone             |     7 |       ||     7
       Large rock        |     1 |     1 ||     2
 Stab: Sleeping          |     2 |       ||     2
Armor: Robe              |    49 |    17 ||    66
Dodge: Dodged            |    63 |    17 ||    80
